 Dungeon Crawl Stone Soup version 0.15-a0-734-g2b8d6ef (webtiles) character file.

242 4tharraofdagon the Chopper (level 5, 0/46 HPs)
             Began as a Minotaur Gladiator on May 11, 2014.
             Slain by a crimson imp
             ... wielding a +1,+2 dagger of chaos
              (13 damage)
             ... on Level 5 of the Dungeon.
             The game lasted 00:04:33 (828 turns).

4tharraofdagon the Chopper (Minotaur Gladiator)      Turns: 828, Time: 00:04:34

HP   0/46        AC  9     Str 20      XL: 5   Next: 82%
MP   2/2         EV  7     Int  8      God:
Gold 24          SH  0     Dex 10      Spells:  0 memorised,  4 levels left

rFire  . . .     SeeInvis .     a - +0 war axe
rCold  . . .     Clarity  .     o - +0 chain mail
rNeg   . . .     Conserve .     (no shield)
rPois  .         rCorr    .     c - +0 hat
rElec  .         rRot     .     (no cloak)
SustAb . .       Spirit   .     (no gloves)
rMut   .         Warding  .     (no boots)
Gourm  .         Stasis   .     (no amulet)
MR     .....                    (no ring)
                                p - +2 ring of intelligence

@: lethally poisoned, slowed, drained, very slow, not resistant to hostile
enchantments, extremely unstealthy
A: retaliatory headbutt, horns 2
a: no special abilities


You were on level 5 of the Dungeon.
You were not hungry.

You visited 1 branch of the dungeon, and saw 6 of its levels.

You collected 24 gold pieces.

Inventory:

Hand weapons
 a - a +0,+0 war axe (weapon)
Armour
 b - a +0 leather armour
 c - a +0 hat (worn)
 o - a +0 chain mail (worn)
Magical devices
 i - a wand of magic darts (7)
Comestibles
 f - a bread ration
 k - a lemon
Scrolls
 e - a scroll of enchant weapon II {unknown}
 g - 3 scrolls of identify {unknown}
 h - 4 scrolls of fear {unknown}
 j - 4 scrolls of remove curse {unknown}
 l - a scroll of noise {unknown}
Jewellery
 n - an uncursed ring of ice
 p - a +2 ring of intelligence (left hand)
Potions
 m - a potion of lignification


   Skills:
 + Level 4.1(3.8) Fighting
 * Level 6.2(5.9) Axes
 - Level 2.0(1.7) Throwing
 + Level 3.2(2.9) Armour
 - Level 3.2(2.9) Dodging


You had 4 spell levels left.
You didn't know any spells.

Dungeon Overview and Level Annotations

Branches:
Dungeon (6/15)
 Temple: D:4-7

Altars:
Dithmenos
Elyvilon
Gozag
Makhleb
Nemelex Xobeh
Xom


Innate Abilities, Weirdness & Mutations

You reflexively headbutt those who attack you in melee.
You have a pair of horns on your head.


Message History

The crimson imp hits you with a dagger of chaos.
You are poisoned.
Found a burning altar of Makhleb.
There is an open door, spattered with blood here.
You hit the crimson imp but do no damage.
You feel sick.
The crimson imp hits you but does no damage.
You feel yourself slow down.
The crimson imp hits you with a dagger of chaos.
You feel drained.
You closely miss the crimson imp. Your headbutt misses the crimson imp.
You feel sick. The crimson imp barely misses you. You furiously retaliate!
You headbutt the crimson imp. You barely miss the crimson imp.
The crimson imp is moderately wounded.
You feel sick.
The crimson imp hits you with a dagger of chaos. x2
* * * LOW HITPOINT WARNING * * *
Space warps horribly around you!
You die...

#....# ... #. #.)..# ..
#.###
####.######.#########...#
#.........#.......#......
#.#...............#......
# #........#......#......
#...>....#......#...>..
#........#.....##......
#...##@##.......#......
.....#..5#.##...........
#######...#.##.##.###....
###_._#.......# ##.##
#.#####....##.####.#
#..................#
#######
#.............######
......# #.......##.##.#
......# #.....#....##.#


You could see a crimson imp.

Vanquished Creatures
  A scorpion (D:6)
  A jelly (D:5)
  A centaur skeleton (D:5)
  An orc priest (D:6)
  A hound (D:5)
  A hound skeleton (D:5)
  An orc zombie (D:5)
  2 adders
  A shadow imp (D:6)
  A worm (D:6)
  A giant gecko (D:2)
  An ooze (D:3)
  3 orcs
  2 bats (D:2)
  2 giant cockroaches
  4 hobgoblins
  A quokka (D:5)
  3 giant newts
  A goblin (D:2)
  3 kobolds
  A rat (D:2)
33 creatures vanquished.

Notes
Turn   | Place    | Note
--------------------------------------------------------------
     0 | D:1      | 4tharraofdagon, the Minotaur Gladiator, began the quest for the Orb.
     0 | D:1      | Reached XP level 1. HP: 18/18 MP: 1/1
    87 | D:2      | Found a sparkling altar of Nemelex Xobeh.
    87 | D:2      | Found an opulent altar of Gozag.
   126 | D:2      | Reached skill level 4 in Axes
   145 | D:2      | Reached XP level 2. HP: 23/25 MP: 1/1
   188 | D:3      | Found a white marble altar of Elyvilon.
   196 | D:3      | Reached skill level 1 in Armour
   293 | D:5      | Entered Level 5 of the Dungeon
   300 | D:5      | Reached XP level 3. HP: 17/31 MP: 2/2
   409 | D:5      | Reached skill level 5 in Axes
   409 | D:5      | Reached XP level 4. HP: 13/38 MP: 2/2
   537 | D:6      | Reached XP level 5. HP: 16/46 MP: 2/2
   633 | D:6      | Found a shadowy altar of Dithmenos.
   772 | D:6      | Reached skill level 6 in Axes
   824 | D:5      | Found a shimmering altar of Xom.
   825 | D:5      | Found a burning altar of Makhleb.
   828 | D:5      | Slain by a crimson imp

Action                   |  1- 3 |  4- 6 || total
-------------------------+-------+-------++-------
Melee: War axe           |    38 |    47 ||    85
Throw: Throwing net      |       |     6 ||     6
Evoke: Wand              |     3 |     1 ||     4
  Use: Potion            |     3 |     1 ||     4
 Stab: Held in net/web   |       |     1 ||     1

Vault maps used:
D:1:      sevenhm_arrival_forest_fort_small_4
D:2:      grunt_temple_overflow_forces_of_nature,
          grunt_temple_overflow_opulence, gammafunk_temple_overflow_pools
D:3:      elyvilon_altar_4
D:4:      temple_green, kennysheep_generic_room_7
D:5:      grunt_temple_overflow_champion_of_chaos, first_bread, serial_shops,
          nicolae_shop_stone, shop, shop, corner_web_ring
D:6:      grunt_dithmenos_shadows
